 Dungeon Crawl Stone Soup version 0.19.0-9-gfd783f2 (webtiles) character file.

100 mistymad the Insei (level 4, -3/38 HPs)
             Began as a Naga Transmuter on Nov 7, 2016.
             Slain by a wight
             ... wielding a +7 hand axe
              (5 damage)
             ... on level 2 of the Dungeon.
             The game lasted 00:07:06 (2988 turns).

mistymad the Insei (Naga Transmuter)                Turns: 2988, Time: 00:07:07

Health: -3/38      AC:  2    Str: 12    XL:     4   Next: 74%
Magic:  4/7        EV: 18    Int: 14    God:
Gold:   94         SH:  3    Dex: 17    Spells: 3 memorised, 2 levels left

rFire  . . .     SeeInvis +       - Unarmed
rCold  . . .     Gourm    .     (armour currently unavailable)
rNeg   . . .     Faith    .     (shield currently unavailable)
rPois  x         Spirit   .     (helmet currently unavailable)
rElec  .         Reflect  +     (cloak currently unavailable)
rCorr  .         Harm     .     (gloves currently unavailable)
MR     .....                    (no barding)
Stlth  ++........               o - +3 amulet of reflection
                                (no ring)
                                (no ring)

@: spider-form (expiring), drained
A: see invisible, (deformed body), (poison resistance), (slowness 0), slow
metabolism 1, spit poison 1, AC +1
a: Spit Poison, End Transformation


You were on level 2 of the Dungeon.
You were not hungry.
You were a venomous arachnid creature.
You visited 1 branch of the dungeon, and saw 3 of its levels.

You collected 94 gold pieces.

Inventory:

Missiles
 a - 32 arrows
Armour
 b - a +0 robe (melded)
Jewellery
 o - a +3 amulet of reflection (around neck)
Wands
 q - a wand of paralysis (15/24)
Scrolls
 e - 4 scrolls of identify {unknown}
 g - a scroll of teleportation {unknown}
 h - 2 scrolls of fog {unknown}
 i - 2 scrolls of remove curse {unknown}
 k - a scroll of recharging {unknown}
 m - a scroll of amnesia {unknown}
 n - a scroll of random uselessness {unknown}
Potions
 j - a potion of brilliance {unknown}
 l - a potion of heal wounds {unknown}
Books
 c - a book of Changes

   Spells                             Type                      Level
   a - Beastly Appendage              Transmutation                1
   b - Sticks to Snakes               Transmutation                2
   c - Spider Form                    Transmutation/Poison         3
   d - Ice Form                       Ice/Transmutation            4
   e - Blade Hands                    Transmutation                5
Comestibles
 d - 2 bread rations
 f - a meat ration


   Skills:
 - Level 1.1(0.4) Fighting
 - Level 1.5(0.9) Dodging
 + Level 4.0(3.4) Unarmed Combat
 - Level 2.5(1.8) Spellcasting
 + Level 3.4(2.7) Transmutations


You had 2 spell levels left.
You knew the following spells:

 Your Spells              Type           Power        Failure   Level  Hunger
a - Beastly Appendage     Tmut           #.....       24%         1    ##.....
b - Sticks to Snakes      Tmut           #.......     32%         2    ###....
c - Spider Form           Tmut/Pois      #.........   69%         3    ####...


Dungeon Overview and Level Annotations

Branches:
Dungeon (3/15)

Altars:
The Shining One


Innate Abilities, Weirdness & Mutations

You cannot wear boots.
((Your serpentine skin is tough. (AC +1)))
You have supernaturally acute eyesight. (SInv)
((Armour fits poorly on your strangely shaped body.))
((Your system is resistant to poisons. (rPois)))
((You cover ground very slowly.))
You have a slow metabolism.
You can spit poison.


Message History

Your +0 robe melds into your body.
Your transformation is almost over.
You now have 4/7 mp.
Unknown command.
You hit the wight.
The wight is lightly damaged.
The wight hits you with an enchanted hand axe!
You take 9 damage, and have 12/38 hp.
MASSIVE DAMAGE!!
You hit the wight.
The wight is moderately damaged.
The wight hits you but does no damage.
You hit the wight.
The wight is heavily damaged.
The wight misses you.
You closely miss the wight.
The wight is heavily damaged.
The wight hits you with an enchanted hand axe!
* * * LOW HITPOINT WARNING * * *
You feel drained.
You die...

#.##..#.####.# #.
#.##.......#.# #.
#.###.#.##.#.# #. #.#
#.#.##.#.## #. #.#
#<#.##.#..# ## #.#
#.#.##.##'# # #.#
#......##.## # #.#
###.#.##...## # #.#
###s###.....#### # #.#
#...z....8.....# #
#.###....###...###.# #
#..........#...##..# #
#####.....##.<.##.######
#......#...#..# #...
###..###...######...
#..'...8...+....##
#####.....##......


You could see a wight.

Vanquished Creatures
  2 adders (D:2)
  An ooze (D:3)
  3 worms
  3 leopard geckos
  3 giant cockroaches
  12 goblins
  2 hobgoblins
  8 jackals (D:2)
  2 ball pythons (D:1)
  5 bats
  3 frilled lizards
  11 kobolds
  9 rats
64 creatures vanquished.

Notes
Turn   | Place    | Note
-------+----------+-------------------------------------------
     0 | D:1      | mistymad the Naga Transmuter began the quest for the Orb.
     0 | D:1      | Reached XP level 1. HP: 18/18 MP: 3/3
   294 | D:1      | Reached XP level 2. HP: 23/25 MP: 3/5
  1120 | D:2      | Reached XP level 3. HP: 31/31 MP: 3/6
  1210 | D:2      | Learned a level 2 spell: Sticks to Snakes
  1214 | D:2      | Learned a level 3 spell: Spider Form
  1673 | D:2      | Found a glowing golden altar of the Shining One.
  1850 | D:2      | Reached XP level 4. HP: 38/38 MP: 7/7
  2556 | D:3      | Reached skill level 4 in Unarmed Combat
  2988 | D:2      | Slain by a wight

Skill      XL: |  1  2  3  4 |
---------------+-------------+-----
Transmutations | 3 |  3.4
Unarmed Combat | 4 |  4.0
Fighting       | |  1.1
Dodging        | |  1.5
Spellcasting   | |  2.5

Action                   |  1- 3 |  4- 6 || total
-------------------------+-------+-------++-------
Melee: Unarmed           |    85 |    55 ||   140
       Headbutt          |     4 |     3 ||     7
       Punch             |     1 |       ||     1
 Cast: Beastly Appendage |    17 |     9 ||    26
       Spider Form       |     2 |     7 ||     9
 Abil: Spit Poison       |    21 |    18 ||    39
  Eat: Chunk             |     4 |     5 ||     9
Armor: Robe              |    15 |    12 ||    27
Dodge: Dodged            |    64 |    47 ||   111
Block: Other             |       |     1 ||     1
